[Event "Team 45 45 League T74"]
[Site "Internet Chess Club"]
[Date "2017.10.07"]
[Round "4"]
[White "nosir"]
[Black "KnightmanAJ"]
[Result "0-1"]
[WhiteElo "1428"]
[BlackElo "1497"]
[Opening "Queen's pawn, Mason variation"]
[ECO "D00"]
[Time "09:31:09"]
[TimeControl "2700+45"]

1. d4 d5 2. Bf4 Nf6 3. e3 c5 4. c3 Qb6 5. Qc2 Nc6 6. Nd2 g6 7. Ngf3 Bf5 8. Qb3
c4 9. Qxb6 axb6 10. Be2 Bg7 11. Ne5 O-O 12. e4 Nxe4 13. g4 Bxe5 14. dxe5 Be6 15.
f3 Nxd2 16. Kxd2 d4 17. cxd4 Nxd4 18. Bd1 Rfd8 19. Kc3 Nxf3 20. Be2 Nd4 21. Bd1
Nc6 22. h3 Rd3+ 23. Kc2 Nb4+ 24. Kb1 c3 25. a3 Nd5 26. Bh6 cxb2 27. Kxb2 Ne3 28.
Re1 Nc4+ 29. Kc2 Raxa3 30. Rxa3 Rxa3 31. Bg5 Rxh3 32. Bxe7 Ne3+ 33. Kc1 Nxg4 34.
Bxg4 Bxg4 35. Re4 Bf3 36. Rb4 Rg3 37. Rxb6 h5 38. Rd6 g5 39. Rh6 Kg7 40. Rd6 h4
41. Bf6+ Kh7 42. Rd7 Kg6 43. Rd8 h3 44. Rh8 Bg4 45. Rg8+ Kf5 46. Rxg5+ Ke4 47.
Rg8 h2 {White resigns} 0-1

[Event "Team 45 45 League T74"]
[Site "Internet Chess Club"]
[Date "2017.10.07"]
[Round "4"]
[White "bazarov"]
[Black "zethhon"]
[Result "0-1"]
[WhiteElo "1122"]
[BlackElo "1402"]
[Opening "English opening"]
[ECO "A22"]
[Time "20:01:17"]
[TimeControl "2700+45"]

1. c4 e5 2. Nc3 Nf6 3. d3 Bc5 4. Bd2 O-O 5. Nf3 Nc6 6. g3 d5 7. cxd5 Nxd5 8. Bg2
Re8 9. O-O Bd7 10. Nxd5 Be6 11. Nc3 Qd7 12. Qa4 a6 13. Ng5 Bf5 14. Bxc6 bxc6 15.
Rfc1 Rab8 16. Nd1 Bd4 17. Qxc6 Qe7 18. Bc3 Bb6 19. e4 Bd7 20. Qd5 c6 21. Qc4
Qxg5 22. Qb4 Bxf2+ 23. Nxf2 Rxb4 24. Bxb4 Re6 25. Nh3 Qe3+ 26. Kh1 Rh6 27. Re1
Qf3+ 28. Kg1 Bxh3 {White resigns} 0-1

[Event "Team 45 45 League T74"]
[Site "Internet Chess Club"]
[Date "2017.10.08"]
[Round "4"]
[White "Electryon"]
[Black "smsxman"]
[Result "0-1"]
[WhiteElo "1475"]
[BlackElo "1361"]
[Opening "Queen's pawn, Mason variation"]
[ECO "D00"]
[Time "10:00:56"]
[TimeControl "2700+45"]

1. d4 d5 2. Bf4 Nf6 3. e3 Nc6 4. c3 Bd7 5. Bd3 a6 6. Nd2 e6 7. Ngf3 b5 8. Ne5
Be7 9. Qf3 Rb8 10. b4 Na7 11. Nb3 Bc6 12. Nc5 Bxc5 13. bxc5 Ne4 14. Bxe4 dxe4
15. Qh5 O-O 16. Qg4 Bd5 17. Bh6 Qf6 18. Bf4 Rbd8 19. O-O Qf5 20. Qd1 Nc6 21.
Nxc6 Bxc6 22. Bxc7 Rd7 23. Bd6 Rfd8 24. Qe2 Bd5 25. Rfb1 Bc4 26. Qd1 f6 27. a4
Rxd6 28. cxd6 Rxd6 29. axb5 Bxb5 30. Qb3 Rc6 31. Rc1 Qd5 32. Qb4 h6 33. Rc2 Rc4
34. Qa3 e5 35. Qc1 Qc6 36. dxe5 fxe5 37. Qd2 Rc5 38. Qe1 Kh7 39. Rac1 Bd3 40.
Rb2 a5 41. Qd2 a4 42. Rb4 a3 43. c4 Qa6 44. Qa2 Qa5 45. Rb3 Rxc4 46. Qa1 Qa4 47.
Rxa3 Qxa3 48. Re1 Qxa1 49. Rxa1 Rb4 50. Rd1 Rb1 51. Rxb1 Bxb1 52. Kf1 Bd3+ 53.
Ke1 g5 54. Kd2 Kg6 55. f3 Kf5 56. g4+ Kf6 57. fxe4 Bxe4 58. Kc3 Bg2 59. Kc4 Bh3
60. Kc5 Bxg4 61. Kd6 Bf3 62. Kc5 Kf5 63. Kd6 e4 64. Kd5 h5 {White resigns} 0-1

[Event "Team 45 45 League T74"]
[Site "Internet Chess Club"]
[Date "2017.10.09"]
[Round "4"]
[White "Just-Jim"]
[Black "Aquaman"]
[Result "0-1"]
[WhiteElo "1283"]
[BlackElo "1302"]
[Opening "Sicilian"]
[ECO "B50"]
[Time "17:01:56"]
[TimeControl "2700+45"]

1. Nf3 c5 2. e4 d6 3. Bc4 Nc6 4. Nc3 g6 5. Ng5 e6 6. d3 Bg7 7. Qf3 Nf6 8. O-O
O-O 9. Qh3 Nd4 10. f4 h5 11. Nf3 Nxc2 12. Rb1 Ng4 13. f5 exf5 14. exf5 Bxf5 15.
Nh4 Bd4+ 16. Kh1 Nf2+ 17. Rxf2 Bxh3 18. Bxf7+ Rxf7 19. Rxf7 Kxf7 20. Nf3 Bf5 21.
Bg5 Qc7 22. Nd5 Qa5 23. Bd2 Qxa2 24. Ng5+ Kg7 25. Nc3 Bxc3 26. Bxc3+ Nd4 27. Re1
Kf6 28. Nh7+ Kg7 29. Re7+ Kh6 30. h3 Qb1+ 31. Kh2 Qxd3 32. Nf6 Rh8 33. Nd5 Rh7
34. Re3 Qf1 35. Bd2 g5 36. Nf6 Rg7 37. Ne8 Rg6 38. Nc7 Ne6 39. Nd5 Nf4 40. Nxf4
Qxf4+ 41. Kg1 Qd4 42. Kh2 Qxd2 43. Rf3 Be4 44. Rg3 Rf6 45. h4 g4 46. b4 Rf2 47.
bxc5 Rxg2+ 48. Kh1 Rxg3# {White checkmated} 0-1

[Event "Team 45 45 League T74"]
[Site "Internet Chess Club"]
[Date "2017.10.06"]
[Round "4"]
[White "GiantsFan"]
[Black "stantheman59"]
[Result "0-1"]
[WhiteElo "1103"]
[BlackElo "1254"]
[Opening "Queen's pawn game"]
[ECO "A50"]
[Time "20:47:07"]
[TimeControl "2700+45"]

1. d4 Nf6 2. c4 c6 3. Nc3 d5 4. e3 Bf5 5. Nf3 h6 6. Bd2 e6 7. cxd5 exd5 8. Nh4
Bh7 9. Be2 Ne4 10. Nxe4 dxe4 11. g3 Be7 12. Ng2 Nd7 13. Nf4 Nf6 14. Qb3 Qd7 15.
Bc4 Bg8 16. O-O b5 17. Be2 Bd6 18. Ng2 h5 19. Rac1 h4 20. Nxh4 Rxh4 21. gxh4 Qh3
22. Rfe1 Qxh2+ 23. Kf1 Qh1# {White checkmated} 0-1

[Event "Team 45 45 League T74"]
[Site "Internet Chess Club"]
[Date "2017.10.05"]
[Round "4"]
[White "mongmong"]
[Black "olivermx"]
[Result "1-0"]
[WhiteElo "1464"]
[BlackElo "1280"]
[Opening "Colle system"]
[ECO "D02"]
[Time "18:00:12"]
[TimeControl "2700+45"]

1. d4 d5 2. Nf3 e6 3. e3 c5 4. c3 Nf6 5. Bd3 Be7 6. Nbd2 O-O 7. O-O Nc6 8. dxc5
Bxc5 9. Qe2 e5 10. e4 d4 11. Nb3 Bb6 12. cxd4 Nxd4 13. Nbxd4 Bxd4 14. Nxd4 Qxd4
15. Be3 Qd6 16. Rac1 Qe6 17. f3 Bd7 18. a3 a6 19. Bc4 Qe8 20. Bg5 Qe7 21. Be3
Rac8 22. Qf2 Be6 23. Bxe6 Qxe6 24. h3 h6 25. Rfd1 Rxc1 26. Rxc1 Rc8 27. Rxc8+
Qxc8 28. Qg3 Nh5 29. Qxe5 g5 30. Bd4 Qc1+ 31. Kh2 Qf4+ 32. Qxf4 Nxf4 33. Be3 Ne2
34. g3 Kg7 35. Kg2 Kg6 36. Kf2 Nxg3 37. Kxg3 b5 38. h4 Kh5 39. hxg5 hxg5 40. Bb6
f6 41. Bd8 Kg6 42. Kg4 {Black resigns} 1-0

[Event "Team 45 45 League T74"]
[Site "Internet Chess Club"]
[Date "2017.10.09"]
[Round "4"]
[White "Brazuka"]
[Black "tasawyer81"]
[Result "1-0"]
[WhiteElo "1115"]
[BlackElo "1144"]
[Opening "Philidor: Improved Hanham variation"]
[ECO "B07"]
[Time "18:49:52"]
[TimeControl "2700+45"]

1. e4 d6 2. d4 Nf6 3. Nc3 Nbd7 4. Nf3 e5 5. Bd3 Be7 6. Be3 c6 7. Qd2 Qc7 8.
O-O-O h6 9. h3 g5 10. g4 Nf8 11. Rdg1 Ng6 12. d5 Nf4 13. dxc6 bxc6 14. h4 Bxg4
15. hxg5 Bxf3 16. Rxh6 Rxh6 17. gxh6 O-O-O 18. Bxf4 exf4 19. Qxf4 Bh5 20. e5
dxe5 21. Bf5+ Kb8 22. Qh2 Bf8 23. h7 Bh6+ 24. Kb1 Bf4 25. Qh4 Rh8 26. Qxf6 Qd8
27. Qxd8+ Rxd8 28. Rg8 {Black resigns} 1-0

[Event "Team 45 45 League T74"]
[Site "Internet Chess Club"]
[Date "2017.10.06"]
[Round "4"]
[White "dylbird"]
[Black "SeniorCitizen"]
[Result "0-1"]
[WhiteElo "1029"]
[BlackElo "1280"]
[Opening "French: Tarrasch, closed variation"]
[ECO "C05"]
[Time "12:01:18"]
[TimeControl "2700+45"]

1. e4 e6 2. d4 d5 3. Nd2 Nf6 4. Bb5+ c6 5. e5 cxb5 6. exf6 Qxf6 7. Nb3 Nc6 8.
Nf3 h6 9. O-O Bd6 10. Qd3 a6 11. Re1 O-O 12. Bd2 b6 13. Qc3 Bb7 14. a4 b4 15.
Qe3 Na5 16. Nxa5 bxa5 17. g3 Rac8 18. c4 dxc4 19. Nh4 g5 20. Nf3 Qxf3 21. Qxf3
Bxf3 22. h4 Be7 23. hxg5 hxg5 24. Re3 Bd5 25. Kh2 Kg7 26. f3 Rh8+ 27. Kg2 Bf6
28. Rh1 Rxh1 29. Kxh1 Bxd4 30. Re1 Bxf3+ 31. Kh2 {White resigns} 0-1

[Event "Team 45 45 League T74"]
[Site "Internet Chess Club"]
[Date "2017.10.09"]
[Round "4"]
[White "oldbookseller"]
[Black "WzeroMN"]
[Result "0-1"]
[WhiteElo "959"]
[BlackElo "1207"]
[Opening "Colle system"]
[ECO "D05"]
[Time "14:30:28"]
[TimeControl "2700+45"]

1. d4 e6 2. Nf3 Nf6 3. e3 d5 4. Bd3 c5 5. c3 c4 6. Bc2 b5 7. O-O Bd6 8. Nbd2 Qc7
9. g3 O-O 10. e4 dxe4 11. Nxe4 Nbd7 12. Qd3 Nxe4 13. Qxe4 Nf6 14. Qd3 cxd3 15.
Bxd3 a6 16. Bg5 Qe7 17. Rfe1 Bb7 18. Be2 h6 19. Bxf6 Qxf6 20. Rad1 Bxf3 21. Rd3
Bxe2 22. Rxe2 Qf5 23. Rde3 Qb1+ 24. Kg2 Qxa2 25. f4 Qd5+ {White resigns} 0-1

[Event "Team 45 45 League T74"]
[Site "Internet Chess Club"]
[Date "2017.10.08"]
[Round "4"]
[White "UrsaMajor"]
[Black "Skeptic1972"]
[Result "0-1"]
[WhiteElo "1526"]
[BlackElo "1525"]
[Opening "Giuoco Piano"]
[ECO "C50"]
[Time "09:03:51"]
[TimeControl "2700+45"]

1. e4 e5 2. Nf3 Nc6 3. Bc4 Bc5 4. O-O Nf6 5. Re1 O-O 6. c3 d6 7. d4 exd4 8. cxd4
Bb4 9. Bd2 d5 10. Bxb4 Nxb4 11. Qb3 dxe4 12. Ne5 Nbd5 13. Nc3 c6 14. Nxe4 Nxe4
15. Rxe4 b5 16. Nxc6 bxc4 17. Qxc4 Nb6 18. Qc5 Nd7 19. Qa3 Qb6 20. Ne7+ Kh8 21.
Nd5 Qd8 22. Qd6 Bb7 23. Rae1 Bxd5 24. Qxd5 Nf6 25. Qxd8 Raxd8 26. Re7 Rfe8 27.
Rxe8+ Rxe8 28. Rxe8+ Nxe8 29. f3 Nd6 30. Kf2 Kg8 31. Ke3 Kf8 32. b3 Ke7 33. a4
Ke6 34. g4 Kd5 35. Kd3 g5 36. b4 f5 37. b5 f4 38. Kc3 Nc4 39. Kb4 Kxd4 40. a5
Nb6 41. axb6 axb6 42. h3 Ke3 43. Kc4 Kxf3 44. Kd5 Kg2 45. Kc6 f3 46. Kxb6 f2 47.
Ka7 f1=Q 48. b6 Qa1+ 49. Kb7 Kxh3 50. Kb8 Kxg4 51. b7 Kf3 52. Kc8 Qc3+ 53. Kd8
Qd4+ 54. Kc7 Qe5+ 55. Kc8 g4 56. b8=Q Qxb8+ {White resigns} 0-1

[Event "Team 45 45 League T74"]
[Site "Internet Chess Club"]
[Date "2017.10.08"]
[Round "4"]
[White "Gilguli"]
[Black "mongmong"]
[Result "0-1"]
[WhiteElo "1300"]
[BlackElo "1467"]
[Opening "French: exchange variation"]
[ECO "C01"]
[Time "16:31:41"]
[TimeControl "2700+45"]

1. e4 e6 2. d4 d5 3. exd5 exd5 4. c4 Nf6 5. Nc3 Be7 6. Nf3 O-O 7. Bd3 Nc6 8. O-O
Bg4 9. h3 Bh5 10. g4 Bg6 11. Bxg6 fxg6 12. cxd5 Nxd5 13. Qb3 Rxf3 14. Qxd5+ Qxd5
15. Nxd5 Bd6 16. Kg2 Raf8 17. Be3 Ne7 18. Nxe7+ Bxe7 19. Rac1 Bd6 20. Rfd1 h5
21. d5 a6 22. Rd2 R3f7 23. Bc5 Bxc5 24. Rxc5 Rd7 25. Rdc2 Rc8 26. d6 c6 27. gxh5
gxh5 28. Rxh5 Rxd6 29. Re2 Rf8 30. Rhe5 Rdf6 31. Re7 R6f7 32. Kg3 Rxe7 33. Rxe7
Rf7 34. Rxf7 Kxf7 35. Kf4 Kf6 36. Ke4 g6 37. h4 b6 38. f3 Ke6 39. f4 Kf6 40. b3
a5 41. a3 b5 42. b4 a4 43. Kd4 Kf5 44. Kc5 Kxf4 45. Kxc6 Kg4 46. Kxb5 Kxh4 47.
Kc4 g5 48. Kd3 g4 49. Ke2 Kh3 50. b5 g3 51. Kf1 Kh2 52. b6 g2+ 53. Ke2 g1=Q 54.
b7 Qb6 {White resigns} 0-1

[Event "Team 45 45 League T74"]
[Site "Internet Chess Club"]
[Date "2017.10.09"]
[Round "4"]
[White "losscause"]
[Black "tamky70"]
[Result "1-0"]
[WhiteElo "1454"]
[BlackElo "1274"]
[Opening "Richter-Veresov attack"]
[ECO "D01"]
[Time "20:15:31"]
[TimeControl "2700+45"]

1. d4 Nf6 2. Nc3 d5 3. Bg5 c6 4. f3 e6 5. e4 Be7 6. Qd3 dxe4 7. fxe4 Nbd7 8. Nf3
h6 9. Bh4 Nh7 10. Bxe7 Qxe7 11. Be2 Ng5 12. O-O Nxf3+ 13. Rxf3 Nf6 14. Raf1 Rf8
15. e5 Nd5 16. Ne4 Kd7 17. c4 Nc7 18. Nd6 Ne8 19. Rxf7 Rxf7 20. Rxf7 Nxd6 21.
Rxe7+ Kxe7 22. exd6+ Kxd6 23. Bg4 Bd7 24. c5+ Ke7 25. Qg6 Kf8 26. Bxe6 Bxe6 27.
Qxe6 Re8 28. Qd7 Re7 29. Qc8+ Kf7 30. Qf5+ Kg8 31. d5 cxd5 32. Qxd5+ Kf8 33.
Qf5+ Ke8 34. c6 bxc6 35. Qc8+ Kf7 36. Qxc6 Kf8 37. a4 Kf7 38. a5 Re6 39. Qd5 Kf6
40. Qd4+ Re5 41. Qxa7 Kg6 42. a6 Re1+ 43. Kf2 Re6 44. Qa8 Rf6+ 45. Kg1 Re6 46.
b4 Re1+ 47. Kf2 Re6 48. h3 Rf6+ 49. Kg3 h5 50. Qe4+ Kf7 51. a7 {Black resigns}
1-0

[Event "Team 45 45 League T74"]
[Site "Internet Chess Club"]
[Date "2017.10.07"]
[Round "4"]
[White "Toalla"]
[Black "smsxman"]
[Result "1-0"]
[WhiteElo "1260"]
[BlackElo "1338"]
[Opening "English: symmetrical variation"]
[ECO "A30"]
[Time "13:08:08"]
[TimeControl "2700+45"]

1. c4 c5 2. e3 e6 3. d4 cxd4 4. exd4 d5 5. Nf3 Nf6 6. a3 Nc6 7. Nc3 Be7 8. c5
O-O 9. Bd3 a6 10. Na4 Rb8 11. O-O Nd7 12. Bf4 e5 13. Nxe5 Ncxe5 14. Bxe5 Nxe5
15. dxe5 Qc7 16. Qh5 g6 17. Qh6 Qxe5 18. Rfe1 Qg5 19. Qxg5 Bxg5 20. Nb6 Be6 21.
Rad1 Bd8 22. b4 Bxb6 23. cxb6 Rfc8 24. Rc1 Rc6 25. Rxc6 bxc6 26. Bxa6 Rxb6 27.
Bd3 Rb8 28. Rb1 Ra8 29. Ra1 Kg7 30. Kf1 Kf6 31. Ke2 Bf5 32. f4 Re8+ 33. Kd2 Bxd3
34. Kxd3 Re4 35. g3 Re6 36. h4 Kf5 37. a4 Re7 38. a5 Ra7 39. Kd4 Kg4 40. Ra3 Re7
41. Re3 Rxe3 42. Kxe3 Kxg3 43. a6 Kxh4 44. a7 Kg4 45. a8=Q h5 {Black resigns}
1-0

[Event "Team 45 45 League T74"]
[Site "Internet Chess Club"]
[Date "2017.10.06"]
[Round "4"]
[White "bmw2002"]
[Black "QuieroAprender"]
[Result "1/2-1/2"]
[WhiteElo "1501"]
[BlackElo "1564"]
[Opening "English opening"]
[ECO "A10"]
[Time "20:04:39"]
[TimeControl "2700+45"]

1. c4 g6 2. g3 Bg7 3. Bg2 c6 4. Nc3 e5 5. e4 Ne7 6. Nge2 O-O 7. O-O f5 8. d3 d6
9. Rb1 Be6 10. b4 a6 11. a4 Nd7 12. a5 fxe4 13. Nxe4 Nf6 14. Qc2 Nxe4 15. dxe4
Rc8 16. c5 d5 17. exd5 Nxd5 18. Nc3 Nxc3 19. Qxc3 Qd4 20. Bb2 Rcd8 21. Qe1 Qd7
22. Bxe5 Bc4 23. Bd6 Rfe8 24. Qd2 Bxf1 25. Bxf1 Kh8 26. Qf4 Qe6 27. Bc4 Qe4 28.
Rb3 Qxf4 29. Bxf4 Rd4 30. Bf1 Ree4 31. Bd3 Rxb4 32. Bxe4 Rxb3 33. Bc7 Rb5 34.
Bb6 Bd4 35. Bd3 Bxc5 36. Bxb5 Bxb6 37. Bxc6 Bxf2+ 38. Kxf2 bxc6 39. Ke3 Kg7 40.
Kd4 Kf6 41. Kc5 Kg5 42. Kxc6 Kg4 43. Kb6 Kh3 44. Kxa6 Kxh2 45. Kb6 Kxg3 46. a6
h5 47. a7 g5 48. a8=Q g4 49. Qa3+ Kh2 50. Qb2+ Kh3 51. Qc3+ g3 52. Qc8+ {Game
drawn by mutual agreement} 1/2-1/2

[Event "Team 45 45 League T74"]
[Site "Internet Chess Club"]
[Date "2017.10.07"]
[Round "4"]
[White "MartyJR"]
[Black "chuckh2"]
[Result "1-0"]
[WhiteElo "1459"]
[BlackElo "1422"]
[Opening "Queen's pawn: London system"]
[ECO "A45"]
[Time "13:01:05"]
[TimeControl "2700+45"]

1. d4 Nf6 2. Bf4 g6 3. e3 Bg7 4. Nf3 O-O 5. h3 d6 6. c3 b6 7. Be2 Bb7 8. O-O Ne4
9. Nbd2 e5 10. Bh2 Nxd2 11. Nxd2 e4 12. f3 Bh6 13. Nxe4 Bxe3+ 14. Kh1 Nd7 15.
Qd3 Bh6 16. Qc2 Re8 17. Bd3 a5 18. Rfe1 Nf6 19. Bb5 Rf8 20. Nxf6+ Qxf6 21. Re2
c6 22. Bd3 Rfe8 23. Rae1 Rxe2 24. Rxe2 Rd8 25. Qb3 b5 26. Qc2 Bc8 27. Be4 d5 28.
Be5 Qg5 29. Bd3 Bd7 30. Bc7 Ra8 31. Bd6 Bf8 32. Be5 Bh6 33. Bd6 a4 34. Re5 Qc1+
35. Qxc1 Bxc1 36. Ba3 Bf4 37. Re7 Ra7 38. Bc5 Rb7 39. Kg1 Bg3 40. Kf1 Bc8 41.
Re8+ Kg7 42. Rxc8 Bc7 43. Re8 Bg3 44. Ke2 Rd7 45. Re7 Rd8 46. Kd2 Kf6 47. Re2
Rd7 48. Kc2 Rd8 49. Be7+ Kg7 50. Bxd8 {Black resigns} 1-0

[Event "Team 45 45 League T74"]
[Site "Internet Chess Club"]
[Date "2017.10.07"]
[Round "4"]
[White "BrerRabbit"]
[Black "guyd52"]
[Result "1/2-1/2"]
[WhiteElo "1347"]
[BlackElo "1334"]
[Opening "Queen's pawn, Mason variation"]
[ECO "D00"]
[Time "19:01:26"]
[TimeControl "2700+45"]

1. d4 d5 2. Bf4 Nf6 3. e3 g6 4. Nf3 Bg7 5. Be2 Nbd7 6. h3 O-O 7. c3 e6 8. Nbd2
c5 9. Bd6 Re8 10. dxc5 Bf8 11. Bxf8 Rxf8 12. b4 a6 13. c4 Qc7 14. O-O Ne5 15.
Nxe5 Qxe5 16. Qc2 Bd7 17. Rfc1 Bc6 18. Nf3 Qc7 19. a4 dxc4 20. Bxc4 Be4 21. Bd3
Bxf3 22. gxf3 Nd5 23. Qd2 f5 24. Bc4 Rad8 25. Bxd5 Rxd5 26. Qc2 Rfd8 27. Rd1 Qc6
{Game drawn by mutual agreement} 1/2-1/2

[Event "Team 45 45 League T74"]
[Site "Internet Chess Club"]
[Date "2017.10.08"]
[Round "4"]
[White "Janna"]
[Black "WzeroMN"]
[Result "0-1"]
[WhiteElo "1282"]
[BlackElo "1200"]
[Opening "Bishop's opening: Berlin defense"]
[ECO "C24"]
[Time "16:01:20"]
[TimeControl "2700+45"]

1. e4 e5 2. Bc4 Nf6 3. d3 Bc5 4. Nf3 d6 5. Nc3 Ng4 6. O-O h6 7. h3 Nxf2 8. Rxf2
Bxf2+ 9. Kxf2 O-O 10. d4 exd4 11. Nxd4 Qf6+ 12. Kg1 Be6 13. Bb3 Nc6 14. Ndb5
Rac8 15. Nd5 Qe5 16. Qd3 Bxd5 17. Qxd5 Qxd5 18. exd5 Na5 19. Nxa7 Nxb3 20. axb3
Rce8 21. Kf2 Re5 22. c4 Rfe8 23. Bf4 Re2+ 24. Kg3 Rxb2 25. Ra3 Ree2 26. Nb5
Rxg2+ 27. Kf3 Rgf2+ 28. Ke4 Rfe2+ 29. Be3 Rh2 30. Ra8+ Kh7 31. Bd4 Rxb3 32. Nxc7
Rhxh3 33. Kf5 g6+ 34. Kg4 f5+ 35. Kf4 Rbf3# {White checkmated} 0-1